 Dungeon Crawl Stone Soup version 0.18.1-8-gdd0e5ea (webtiles) character file.

175299 Lul the Peltast (level 16, 0/139 HPs)
             Began as a Demigod Fighter on May 25, 2016.
             Slain by a spriggan rider
             ... wielding a +1 spear of pain
              (12 damage)
             ... on level 3 of the Swamp on May 30, 2016.
             The game lasted 03:40:15 (36287 turns).

Lul the Peltast (Demigod Fighter)                  Turns: 36287, Time: 03:40:16

Health: 0/139      AC: 32    Str: 38    XL:     16   Next: 92%
Magic:  32/32      EV: 17    Int: 12    God:
Gold:   2137       SH: 28    Dex: 28    Spells: 0 memorised, 15 levels left

rFire  . . .     SeeInvis +     E - +5 mace of Devotion {elec, Dex+4 SInv}
rCold  . . .     Gourm    .     C - +0 chain mail "Zoutroam" {-Cast rN+ MP+9 Dex+7}
rNeg   + . .     Faith    .     w - +2 large shield {AC+3}
rPois  .         Spirit   .     o - +0 hat "Neatan" {rElec Str+5 Slay+6}
rElec  +         Dismiss  .     B - +2 cloak
rCorr  .         Reflect  .     H - +5 pair of gloves of Jubramop {MR+ Str+4}
SustAt +         Harm     .     d - +2 pair of boots {run}
MR     +++..     Clarity  +     D - amulet of rage
Stlth  .......... NoCast   +    m - ring of protection from magic
                                e - +5 ring of evasion

@: exhausted, grasped by roots, slowed, very slow, extremely resistant to
hostile enchantments, extremely unstealthy
A: claws 1, iridescent scales 1, clarity, high mp 1, strong 1, sustain
attributes
a: Evoke Berserk Rage


You were on level 3 of the Swamp.
You were very hungry.

You visited 5 branches of the dungeon, and saw 30 of its levels.
You visited the Abyss 1 time.
You also visited: Ice Cave.

You collected 3044 gold pieces.
You spent 907 gold pieces at shops.

Inventory:

Hand Weapons
 E - the +5 mace of Devotion (weapon) {elec, Dex+4 SInv}
   (You found it on level 7 of the Dungeon)

   Occasionally, upon striking a foe, it will discharge some electrical energy
   and cause terrible harm.
   It affects your dexterity (+4).
   It lets you see invisible.
Armour
 d - a +2 pair of boots of running (worn)
 o - the +0 hat "Neatan" (worn) {rElec Str+5 Slay+6}
   (You found it on level 3 of the Lair of Beasts)

   It affects your strength (+5).
   It affects your accuracy and damage with ranged weapons and melee attacks
   (+6).
   It insulates you from electricity.
 w - a +2 large shield of protection (worn)
 B - a +2 cloak (worn)
 C - the +0 chain mail "Zoutroam" (worn) {-Cast rN+ MP+9 Dex+7}
   (You found it on level 13 of the Dungeon)

   It affects your dexterity (+7).
   It protects you from negative energy.
   It affects your magic capacity (+9).
   It prevents spellcasting.
 H - the +5 pair of gloves of Jubramop (worn) {MR+ Str+4}
   (You took it off Nikola on level 2 of the Swamp)

   It affects your strength (+4).
   It affects your resistance to hostile enchantments.
 U - a +0 plate armour of cold resistance
 Z - the +1 pair of gloves of the Lonely Deaths {rF++ MR-}
   (You bought it in a shop on level 2 of the Orcish Mines)

   It greatly protects you from fire.
   It affects your resistance to hostile enchantments.
Jewellery
 e - a +5 ring of evasion (left hand)
 m - a ring of protection from magic (right hand)
 A - an uncursed ring of protection from fire
 D - an amulet of rage (around neck)
 K - a +4 amulet of reflection
 M - an uncursed ring of protection from fire
Wands
 v - a wand of disintegration (12/24)
 z - a wand of disintegration (4/24)
 G - a wand of disintegration (10/24)
 N - a wand of digging (13/24)
 Q - a wand of teleportation (1/9)
Scrolls
 a - 2 scrolls of blinking
 i - 8 scrolls of recharging
 j - 10 scrolls of teleportation
 k - 10 scrolls of identify
 l - 12 scrolls of remove curse
 p - a scroll of summoning
 x - 4 scrolls of fear
 I - 3 scrolls of magic mapping
 T - a scroll of fog
 W - a scroll of enchant armour
Potions
 b - a potion of cancellation
 g - 6 potions of brilliance
 h - 8 potions of flight
 n - a potion of resistance
 q - 6 potions of curing
 r - 2 potions of might
 s - 2 potions of lignification
 t - a potion of cure mutation
 F - a potion of agility
 J - 2 potions of berserk rage
 P - a potion of magic
 S - 2 potions of haste
Miscellaneous
 X - a disc of storms
Comestibles
 c - 9 meat rations
 f - 21 bread rations
 u - 25 fruits


   Skills:
 + Level 11.6 Fighting
   Level 2.7(3.6) Short Blades
   Level 3.6(4.1) Long Blades
 + Level 12.5 Maces & Flails
 + Level 10.3 Armour
 + Level 12.3 Dodging
 + Level 3.3 Stealth
 + Level 17.0 Shields
 + Level 4.1 Evocations


You had 15 spell levels left.
You didn't know any spells.

Dungeon Overview and Level Annotations

Branches:
Dungeon (15/15)            Temple (1/1) D:5            Lair (8/8) D:9
  Swamp (4/4) Lair:5       Spider (0/4) Lair:4        Slime (0/6) Lair:6
    Orc (2/2) D:11            Elf (0/3) Orc:2        Vaults (0/5) D:13
 Depths (0/5) D:15

Shops:
D:7 *   D:9 *   Orc:2 [([(


Innate Abilities, Weirdness & Mutations

You have an increased reservoir of magic (+10% MP).
Your attributes are resistant to harm.
You have sharp fingernails.
You are partially covered in iridescent scales (AC +4).
You possess an exceptional clarity of mind.
Your muscles are strong. (Str +2)


Message History

You feel sick. You block the spriggan rider's attack.
You block the shambling mangrove's attack.
The slime creature hits you!
* * * LOW HITPOINT WARNING * * *
Unknown command.
You thump the shambling mangrove!
The shambling mangrove is severely damaged.
You feel sick.
The spriggan rider hits you from afar with a spear of pain!
* * * LOW HITPOINT WARNING * * *
You block the slime creature's attack.
You block the shambling mangrove's attack.
The spriggan rider hits you from afar with a spear of pain!
* * * LOW HITPOINT WARNING * * *
Drink which item? (? for menu, Esc to quit)
You feel better.
The slime creature completely misses you.
You block the shambling mangrove's attack.
The spriggan rider hits you from afar with a spear of pain!
You die...

♣≈♣.≈≈..≈≈≈.≈♣♣
♣§♣.≈≈♣≈.≈..≈§♣
♣.♣≈≈...≈♣♣.≈.♣
♣♣♣..≈≈≈.♣♣♣.♣≈.♣
♣♣♣♣♣..§≈..≈♣♣
♣♣.≈≈♣♣
♣♣≈≈...≈≈...♣♣
♣♣.≈.♣
♣.≈≈≈≈♣≈≈≈.♣♣
♣...♣
♣♣.≈≈≈≈≈...♣
♣♣≈≈♣
♣♣.....if@♣♣
♣...♣♣
♣♣..♣..≈J.♣
♣♣...♣♣
♣.....≈§♣♣ ♣♣.♣§♣
♣≈≈≈.≈≈.♣ ♣....♣♣
♣≈≈≈.♣≈.♣
♣..≈.≈♣♣
♣..≈.≈≈≈♣
♣.♣≈≈≈.♣
♣♣.≈.♣.≈♣
♣...≈≈≈. ♣≈≈.♣..♣
♣.♣≈≈.♣. ♣.♣....♣
♣.≈..=≈≈


You could see a shambling mangrove, a slime creature and a spriggan rider.

Vanquished Creatures
  Nikola (Swamp:2)
  Jorgrun (Swamp:3)
  A sphinx (D:13)
  A tentacled starspawn (Abyss:3)
  2 thorn hunters
  Maud (Lair:8)
  A frost giant (IceCv)
  2 orc warlords (Orc:2)
  Louise (D:15)
  Aizul (Swamp:3)
  The ghost of Iamburgie the Severer, a journeyman MiFi of Okawaru (D:15)
  A very ugly thing (Abyss:3)
  3 fire dragons
  7 vault guards
  A great orb of eyes (Abyss:3)
  A ghost crab (Swamp:2)
  An ice dragon (D:15)
  A catoblepas (D:13)
  16 hydras
  3 centaur warriors
  An ogre mage (D:15)
  12 alligators
  7 death yaks
  3 thrashing horrors (Abyss:3)
  An orc high priest (Orc:2)
  3 spriggans
  A wretched star (Abyss:3)
  An unseen horror (D:15)
  2 spriggan druids (Swamp:3)
  10 starcursed masses (Abyss:3)
  An orange crystal statue (D:11)
  3 shambling mangroves
  A lindwurm (Swamp:4)
  Pikel (D:8)
  3 orc knights
  5 swamp dragons
  4 hill giants
  A large abomination (Abyss:3)
  25 ugly things
  A deep elf mage (D:14)
  6 hornets
  A wolf spider zombie (D:14)
  A worldbinder (Abyss:3)
  A wolf spider (Lair:8)
  A salamander (Swamp:4)
  4 orc sorcerers
  2 manticores
  3 griffons
  2 cyclopes
  A guardian serpent (Lair:8)
  An apocalypse crab (Abyss:3)
  11 black mambas
  7 elephants
  An ice statue (IceCv)
  A smoke demon (Abyss:3)
  A torpor snail (Lair:4)
  A gargoyle (D:13)
  27 spiny frogs
  A centaur skeleton (D:11)
  A freezing wraith (Swamp:3)
  11 komodo dragons
  4 rime drakes
  6 trolls
  A harpy zombie (Abyss:3)
  18 polar bears
  Prince Ribbit (D:5)
  2 two-headed ogres (D:15)
  A hornet zombie (D:13)
  28 blink frogs
  A wolf spider simulacrum (D:15)
  5 bog bodies
  22 slime creatures
  11 giant leeches
  4 raiju (Abyss:3)
  A water elemental (D:13)
  A shadow (Swamp:4)
  9 wyverns
  A hog (D:8)
  64 yaks
  2 hungry ghosts
  3 basilisks
  A human (D:8)
  12 hippogriffs
  Grum (D:10)
  2 small abominations (Abyss:3)
  21 vampire mosquitoes
  15 insubstantial wisps
  A soldier ant (D:13)
  16 swamp worms
  3 mottled dragons
  7 wargs
  24 water moccasins
  7 porcupines
  34 orc warriors
  The ghost of swiech the Ruffian, an amateur TrMo (D:3)
  3 black bears
  10 swamp drakes
  8 ice beasts
  A slave (D:8)
  16 wasps
  4 sky beasts
  10 centaurs
  18 ogres
  A phantom (D:7)
  40 wolves
  21 crocodiles
  6 big kobolds
  22 giant frogs
  Blork the orc (D:5)
  A wyvern zombie (D:11)
  A gnoll sergeant (Orc:2)
  3 wyvern skeletons
  3 scorpions
  9 killer bees
  3 howler monkeys
  10 wights
  4 electric eels
  8 crimson imps
  A giant frog zombie (D:12)
  2 centaur zombies
  A quasit (Abyss:3)
  20 orc priests
  4 hounds
  7 jellies
  A giant frog skeleton (D:12)
  23 orc wizards
  Crazy Yiuf (D:7)
  15 iguanas
  Natasha (thrice) (D:4)
  12 worker ants
  38 sheep
  A hound zombie (D:7)
  A howler monkey zombie (D:8)
  A worker ant zombie (D:5)
  5 gnolls
  A howler monkey skeleton (D:8)
  107 river rats
  12 adders
  4 shadow imps
  12 white imps (Orc:1)
  An ufetubus (Abyss:3)
  An ooze (D:1)
  2 adder zombies
  4 worms
  2 dart slugs
  5 giant geckos
  98 orcs
  18 bats
  6 giant cockroaches
  2 gnoll zombies (D:8)
  8 goblins
  9 hobgoblins
  10 jackals
  9 quokkas
  3 ball pythons
  5 giant newts
  A jackal skeleton (D:4)
  28 kobolds
  14 rats
  3 briar patches (Swamp:1)
  A fungus (Lair:6)
1253 creatures vanquished.

Vanquished Creatures (others)
  A swamp dragon (Swamp:4)
  A lindwurm (Swamp:4)
  2 golden eyes (Abyss:3)
  2 vampire mosquitoes (Swamp:2)
  A mottled dragon (Swamp:4)
  4 insubstantial wisps (Swamp:2)
  8 swamp drakes (Swamp:4)
  A briar patch (Swamp:1)
  13 fungi
  9 plants
  2 starspawn tentacles (Abyss:3)
  2 starspawn tentacle segments (Abyss:3)
46 creatures vanquished.

Grand Total: 1299 creatures vanquished

Notes
Turn   | Place    | Note
--------------------------------------------------------------
     0 | D:1      | Lul the Demigod Fighter began the quest for the Orb.
     0 | D:1      | Reached XP level 1. HP: 18/18 MP: 3/3
    78 | D:1      | Reached XP level 2. HP: 17/25 MP: 4/4
   499 | D:1      | Reached skill level 3 in Shields
   567 | D:1      | You fall through a shaft!
   611 | D:2      | Found a shadowy altar of Dithmenos.
   714 | D:1      | Reached XP level 3. HP: 31/31 MP: 5/5
  1326 | D:2      | Found a shattered altar of Ashenzari.
  1469 | D:2      | Reached skill level 1 in Dodging
  1928 | D:3      | Found a white marble altar of Elyvilon.
  2249 | D:3      | Reached XP level 4. HP: 34/38 MP: 6/6
  2292 | D:3      | Noticed swiech's ghost (amateur TrMo)
  2427 | D:3      | Found a deep blue altar of Sif Muna.
  2459 | D:3      | Found a stormy altar of Qazlal.
  2766 | D:3      | Found a glowing golden altar of the Shining One.
  2970 | D:3      | Killed swiech's ghost
  2970 | D:3      | Reached XP level 5. HP: 30/46 MP: 7/7
  3148 | D:4      | Noticed Natasha
  3162 | D:4      | Killed Natasha
  3253 | D:4      | Found a shimmering altar of Xom.
  4133 | D:4      | Found a shattered altar of Ashenzari.
  4151 | D:4      | Noticed Natasha
  4163 | D:4      | Killed Natasha
  4163 | D:4      | Reached XP level 6. HP: 22/52 MP: 8/8
  4488 | D:4      | Noticed Natasha
  4499 | D:4      | Killed Natasha
  4510 | D:5      | Entered Level 5 of the Dungeon
  4542 | D:4      | Reached skill level 4 in Shields
  4863 | D:5      | Reached XP level 7. HP: 59/59 MP: 9/9
  4933 | D:5      | Reached skill level 1 in Long Blades
  4976 | D:5      | Noticed Prince Ribbit
  5027 | D:5      | Killed Prince Ribbit
  5027 | D:5      | Reached skill level 1 in Stealth
  5343 | D:5      | Reached skill level 5 in Shields
  5421 | D:5      | Noticed Blork the orc
  5433 | D:5      | Killed Blork the orc
  5485 | D:5      | Found a staircase to the Ecumenical Temple.
  5492 | Temple   | Entered the Ecumenical Temple
  5755 | D:6      | Reached XP level 8. HP: 67/67 MP: 11/11
  6097 | D:6      | Reached skill level 5 in Armour
  6655 | D:6      | Reached skill level 6 in Shields
  7013 | D:6      | Gained mutation: You are partially covered in iridescent scales (AC +4). [mutagenic meat]
  7266 | D:7      | Reached skill level 5 in Dodging
  7425 | D:7      | Found Eco Dyur's General Store.
  7468 | D:7      | Reached skill level 5 in Fighting
  7533 | D:7      | Reached XP level 9. HP: 28/74 MP: 12/12
  7596 | D:7      | Reached skill level 7 in Shields
  8383 | D:7      | Noticed Crazy Yiuf
  8392 | D:7      | Killed Crazy Yiuf
  8414 | D:7      | Got a fine mace
  8415 | D:7      | Identified the +5 mace of Devotion {elec, Dex+4 SInv} (You found it on level 7 of the Dungeon)
  8539 | D:8      | Found a basalt altar of Yredelemnul.
  8734 | D:8      | Found an opulent altar of Gozag.
  9022 | D:8      | Reached skill level 8 in Shields
  9116 | D:8      | Reached skill level 1 in Maces & Flails
  9176 | D:9      | Noticed Pikel
  9207 | D:8      | Killed Pikel
  9207 | D:8      | Reached XP level 10. HP: 76/81 MP: 13/13
  9370 | D:9      | Found a staircase to the Lair.
  9421 | D:9      | Found Wielyi's General Store.
  9690 | Lair:1   | Entered Level 1 of the Lair of Beasts
  9773 | Lair:1   | Noticed a black mamba
  9784 | Lair:1   | Killed a black mamba
 10194 | Lair:1   | Noticed a seven-headed hydra
 10202 | Lair:1   | Killed a seven-headed hydra
 10202 | Lair:1   | Reached skill level 9 in Shields
 10371 | Lair:1   | Got a jewelled war axe
 10372 | Lair:1   | Identified the +6 war axe of Cruel Justice {freeze, rN+ Int+2} (You found it on level 1 of the Lair of Beasts)
 10498 | Lair:1   | Noticed a black mamba
 10503 | Lair:1   | Killed a black mamba
 11491 | Lair:2   | Reached XP level 11. HP: 38/89 MP: 14/14
 12608 | Lair:2   | Reached skill level 10 in Shields
 13223 | Lair:3   | Got an encrusted quarterstaff
 13229 | Lair:3   | Identified the +4 quarterstaff of the Special Blessings {drain, +Rage rPois Dex+3} (You found it on level 3 of the Lair of Beasts)
 13439 | Lair:3   | Reached skill level 5 in Maces & Flails
 13786 | Lair:3   | Reached skill level 1 in Evocations
 14045 | Lair:3   | Got a smoking hat
 14051 | Lair:3   | Identified the cursed +0 hat "Neatan" {rElec Str+5 Slay+6} (You found it on level 3 of the Lair of Beasts)
 14308 | Lair:4   | Noticed a death yak
 14327 | Lair:3   | Killed a death yak
 14705 | Lair:4   | Noticed a death yak
 14706 | Lair:4   | Noticed a death yak
 14707 | Lair:4   | Noticed a death yak
 14707 | Lair:4   | Noticed a death yak
 14712 | Lair:4   | Reached XP level 12. HP: 100/100 MP: 16/16
 14971 | Lair:4   | Reached skill level 11 in Shields
 15146 | Lair:4   | Found a hole to the Spider Nest.
 15812 | Lair:5   | Noticed an eight-headed hydra
 15835 | Lair:5   | Killed an eight-headed hydra
 15835 | Lair:5   | Reached skill level 10 in Dodging
 16357 | Lair:5   | Noticed a seven-headed hydra
 16358 | Lair:5   | Found a staircase to the Swamp.
 16371 | Lair:5   | Killed a seven-headed hydra
 17293 | Lair:6   | Found a staircase to the Slime Pits.
 17347 | Lair:6   | Reached skill level 12 in Shields
 17373 | Lair:6   | Reached XP level 13. HP: 107/107 MP: 17/17
 18748 | Lair:8   | Entered Level 8 of the Lair of Beasts
 18906 | Lair:8   | Noticed Maud
 18929 | Lair:8   | Killed Maud
 19655 | Lair:8   | Reached skill level 13 in Shields
 20171 | Lair:8   | Reached XP level 14. HP: 118/118 MP: 19/19
 20539 | D:10     | Entered Level 10 of the Dungeon
 20679 | D:10     | Noticed Grum
 20690 | D:10     | Killed Grum
 21788 | D:9      | Bought a +2 pair of boots of running for 622 gold pieces
 21903 | D:11     | Found a staircase to the Orcish Mines.
 22002 | D:11     | Gained mutation: You are clumsy. (Dex -2) [mutagenic meat]
 22210 | Orc:1    | Entered Level 1 of the Orcish Mines
 22320 | Orc:1    | Found a frozen archway.
 22510 | IceCv    | Entered an ice cave
 23189 | IceCv    | Noticed a frost giant
 23206 | IceCv    | Killed a frost giant
 23226 | IceCv    | Reached skill level 14 in Shields
 24083 | Orc:2    | Entered Level 2 of the Orcish Mines
 24137 | Orc:2    | Found a roughly hewn altar of Beogh.
 24162 | Orc:2    | Found Tesenwob's Antique Weapon Boutique.
 24239 | Orc:2    | Found a staircase to the Elven Halls.
 24692 | Orc:2    | Found a roughly hewn altar of Beogh.
 24693 | Orc:2    | Found Gywimn's Antique Armour Emporium.
 24746 | Orc:2    | Bought a pair of ancient gloves for 285 gold pieces
 24753 | Orc:2    | Identified the +1 pair of gloves of the Lonely Deaths {rF++ MR-} (You bought it in a shop on level 2 of the Orcish Mines)
 24808 | Orc:2    | Found a roughly hewn altar of Beogh.
 24862 | Orc:2    | Found a roughly hewn altar of Beogh.
 25063 | Orc:2    | Paralysed by an orc sorcerer for 4 turns
 25201 | Orc:2    | Reached skill level 10 in Maces & Flails
 25227 | Orc:2    | Noticed an orc warlord
 25260 | Orc:2    | Killed an orc warlord
 25260 | Orc:2    | Reached skill level 10 in Fighting
 25341 | Orc:2    | Found Gapokuv's Antique Weapon Emporium.
 25342 | Orc:2    | Found a roughly hewn altar of Beogh.
 25343 | Orc:2    | Found Dipree's Antique Armour Shoppe.
 25389 | Orc:1    | Noticed an orc warlord
 25401 | Orc:2    | Killed an orc warlord
 26896 | D:13     | Noticed a sphinx
 26902 | D:13     | Paralysed by a sphinx for 4 turns
 26916 | D:13     | Killed a sphinx
 26916 | D:13     | Reached XP level 15. HP: 126/126 MP: 20/20
 27340 | D:13     | Got an ancient chain mail
 27341 | D:13     | Identified the cursed +0 chain mail "Zoutroam" {-Cast rN+ MP+9 Dex+7} (You found it on level 13 of the Dungeon)
 27753 | D:13     | Found a gate to the Vaults.
 28001 | D:14     | Reached skill level 15 in Shields
 28391 | D:14     | Found a shattered altar of Ashenzari.
 28779 | D:15     | Entered Level 15 of the Dungeon
 28991 | D:15     | Got a garnet-studded chain mail
 28996 | D:15     | Identified the +6 chain mail of Classification {MR+ Str-5 Dex+2} (You found it on level 15 of the Dungeon)
 29164 | D:15     | Found a staircase to the Depths.
 29297 | D:15     | Noticed Louise
 29306 | D:15     | Killed Louise
 29361 | D:15     | Noticed Iamburgie's ghost (journeyman MiFi)
 29399 | D:15     | Killed Iamburgie's ghost
 30187 | Swamp:1  | Entered Level 1 of the Swamp
 31124 | Swamp:1  | Got a crude chain mail
 31126 | Swamp:1  | Identified the +1 chain mail of the Lizard {Str+4} (You found it on level 1 of the Swamp)
 31321 | Swamp:1  | Noticed a thorn hunter
 31338 | Swamp:1  | Killed a thorn hunter
 31491 | Swamp:1  | You fall through a shaft!
 31501 | Swamp:2  | Noticed Nikola
 31541 | Swamp:2  | Killed Nikola
 31544 | Swamp:2  | Got a pair of transparent gloves
 31670 | Swamp:2  | Reached XP level 16. HP: 76/137 MP: 22/22
 31681 | Swamp:2  | Identified the +5 pair of gloves of Jubramop {MR+ Str+4} (You took it off Nikola on level 2 of the Swamp)
 31903 | Swamp:2  | Reached skill level 10 in Armour
 32446 | Swamp:2  | Reached skill level 16 in Shields
 33010 | Swamp:3  | Cast into level 3 of the Abyss (a Zot trap)
 33213 | Abyss:3  | Gained mutation: You have sharp fingernails. [mutagenic meat]
 33493 | Abyss:3  | Noticed a tentacled starspawn
 33511 | Abyss:3  | Killed a tentacled starspawn
 33518 | Swamp:3  | Escaped the Abyss
 34325 | Swamp:3  | Noticed Jorgrun
 34338 | Swamp:3  | Killed Jorgrun
 35330 | Swamp:4  | Entered Level 4 of the Swamp
 35505 | Swamp:4  | Noticed Aizul
 35541 | Swamp:3  | Killed Aizul
 35652 | Swamp:3  | Lost mutation: You are clumsy. (Dex -2) [mutagenic meat]
 35653 | Swamp:3  | Gained mutation: Your muscles are strong. (Str +2) [mutagenic meat]
 35655 | Swamp:3  | Gained mutation: You possess an exceptional clarity of mind. [mutagenic meat]
 36273 | Swamp:4  | Reached skill level 17 in Shields
 36286 | Swamp:3  | HP: 4/139 [spriggan rider/spear of pain (16)]
 36287 | Swamp:3  | Slain by a spriggan rider

Skill      XL: |  1  2  3  4  5  6  7  8  9 10 11 12 13 14 15 16 |
---------------+-------------------------------------------------+-----
Short Blades   | 2 |  2.7
Shields        | 3 4 5 6 8 9 10 12 13 14 15 17 | 17.0
Fighting       | 3 4 5 6 7 8 9 10 11 | 11.6
Armour         | 3 4 5 6 7 8 9 10 | 10.3
Dodging        | 1 2 3 5 7 8 9 10 11 12 | 12.3
Long Blades    | 2 3 |  3.6
Stealth        | 1 2 3 |  3.3
Maces & Flails | 1 4 5 7 8 10 11 12 | 12.5
Evocations     | 1 2 3 4 |  4.1

Action                   |  1- 3 |  4- 6 |  7- 9 | 10-12 | 13-15 | 16-18 || total
-------------------------+-------+-------+-------+-------+-------+-------++-------
Melee: Rapier            |   217 |    46 |       |       |       |       ||   263
       Falchion          |       |   159 |   710 |       |       |       ||   869
       Mace              |       |       |   107 |   904 |  2177 |   705 ||  3893
 Abil: Evoke Berserk Rag |       |       |     1 |     5 |    20 |    10 ||    36
Evoke: Wand              |       |     2 |       |       |     2 |       ||     4
  Use: Potion            |     3 |     1 |     4 |     6 |     4 |    10 ||    28
       Scroll            |     4 |     8 |     3 |     5 |    20 |     6 ||    46
 Stab: Invisible         |     1 |       |       |       |       |       ||     1
       Sleeping          |       |       |       |     1 |     1 |       ||     2
       Petrified         |       |       |       |       |     1 |       ||     1
       Confused          |       |       |       |       |       |     2 ||     2
       Petrifying        |       |       |       |       |       |     2 ||     2
  Eat: Chunk             |     3 |     6 |    19 |    22 |    30 |     6 ||    86
       Beef jerky        |     1 |     1 |       |     1 |     6 |       ||     9
       Royal jelly       |       |       |       |     1 |     1 |       ||     2
       Meat ration       |       |       |       |     1 |     1 |     1 ||     3
       Pizza             |       |       |       |       |    12 |       ||    12
       Fruit             |       |       |       |       |     9 |     5 ||    14
       Bread ration      |       |       |       |       |       |     1 ||     1
Armor: Scale mail        |    37 |    41 |   196 |   174 |    19 |       ||   467
       Leather armour    |    10 |       |       |       |       |       ||    10
       Skin              |       |       |       |    55 |       |       ||    55
       Chain mail        |       |       |       |       |   240 |   140 ||   380
       Ring mail         |       |       |       |       |     6 |       ||     6
       Plate armour      |       |       |       |       |    69 |       ||    69
Dodge: Dodged            |    85 |   117 |   421 |   668 |   945 |   503 ||  2739
Block: Shield            |    85 |   139 |   691 |  1059 |   594 |       ||  2568
       Large shield      |       |       |       |       |  1625 |   918 ||  2543
